 Dungeon Crawl Stone Soup version 0.29.1-14-g9c671dbff4 (webtiles) character file.

Game seed: 13048885601592690350

1458 leafyfresh the Gusty (level 8, -5/46 HPs)
             Began as an Octopode Air Elementalist on Feb 21, 2023.
             Was a Believer of Ashenzari.
             Slain by a hornet (9 damage)
             ... on level 7 of the Dungeon.
             The game lasted 00:13:49 (9098 turns).

leafyfresh the Gusty (Octopode Air Elementalist)    Turns: 9098, Time: 00:13:50

Health: -5/46      AC:  1    Str:  7    XL:     8   Next: 76%
Magic:  15/18      EV: 14    Int: 19    God:    Ashenzari [**....]
Gold:   358        SH:  0    Dex: 13    Spells: 11/21 levels left

rFire   + . .      SeeInvis +   b - +0 dagger
rCold   . . .      Faith    .   (no shield)
rNeg    . . .      Spirit   .   (helmet restricted)
rPois   .          Reflect  .   (no amulet)
rElec   .          Harm     .   o - ring "Chained Together" {Slay+4, Self, Alch} (curse)
rCorr   .          Rampage  .   n - ring of Star-Bound Wisdom {Fire, Cun, Elem} (curse)
Will    .....                   q - ring of Ashenzari's Prison {rC+, Range, Comp} (curse)
Stlth   ++++......              u - ring of the Unyielding Gaze {SInv, Elem, Self} (curse)
HPRegen 0.15/turn               (no ring)
MPRegen 0.16/turn               (no ring)
                                (no ring)
                                (no ring)

@: sluggish, very slow
A: almost no armour, amphibious, 8 rings, camouflage 1, gelatinous body 1,
(nimble swimmer 1), tentacles
a: Renounce Religion, Shatter the Chains


You were on level 7 of the Dungeon.
You worshipped Ashenzari.
Ashenzari was pleased with you.
You visited 2 branches of the dungeon, and saw 8 of its levels.

You collected 358 gold pieces.

Inventory:

Hand Weapons
 b - a +0 dagger (weapon)
Armour
 x - the +1 leather armour of Siankas {rF+ rC+}
   (You found it on level 5 of the Dungeon)

   rF:        It protects you from fire.
   rC:        It protects you from cold.
Jewellery
 n - the cursed ring of Star-Bound Wisdom (right tentacle) {Fire, Cun, Elem}
   (You found it on level 2 of the Dungeon)

   [ring of fire]

   It enhances your fire magic.
   rF:        It protects you from fire.
   rC:        It makes you vulnerable to cold.
   It has a curse which improves the following skills: Cunning: Dodging and
   Stealth.
   Elements:  Fire Magic, Ice Magic, Air Magic and Earth Magic.
 o - the cursed ring "Chained Together" (left tentacle) {Slay+4, Self, Alch}
   (You found it on level 2 of the Dungeon)

   [ring of slaying]

   Slay:      It affects your accuracy & damage with ranged weapons and melee
   (+4).
   It has a curse which improves the following skills: Introspection: Fighting
   and Spellcasting.
   Alchemy:   Poison Magic and Transmutations.
 q - the cursed ring of Ashenzari's Prison (on tentacle) {rC+, Range, Comp}
   (You found it on level 3 of the Dungeon)

   [ring of protection from cold]

   rC:        It protects you from cold.
   It has a curse which improves the following skills: Ranged Combat: Ranged
   Weapons and Throwing.
   Companions: Summonings and Necromancy.
 u - the cursed ring of the Unyielding Gaze (on tentacle) {SInv, Elem, Self}
   (You found it on level 4 of the Dungeon)

   [ring of see invisible]

   SInv:      It lets you see invisible.
   It has a curse which improves the following skills: Elements: Fire Magic, Ice
   Magic, Air Magic and Earth Magic.
   Introspection: Fighting and Spellcasting.
 A - a ring of protection from cold
Wands
 C - a wand of roots (9)
Scrolls
 c - 2 scrolls of brand weapon
 i - 4 scrolls of identify
 j - 2 scrolls of poison
 l - a scroll of teleportation
 m - 2 scrolls of immolation
 p - 3 scrolls of vulnerability
 r - 3 scrolls of enchant armour
 t - a scroll of enchant weapon
 v - 2 scrolls of blinking
 y - a scroll of magic mapping
 D - a scroll of amnesia
Potions
 a - 3 potions of magic
 d - 2 potions of ambrosia
 e - 3 potions of curing
 f - 2 potions of haste
 g - 3 potions of attraction
 k - 2 potions of flight
 s - 4 potions of brilliance
 w - 3 potions of heal wounds
 z - a potion of might
 B - a potion of berserk rage
 E - a potion of cancellation


   Skills:
 + Level 3.9(5.0) Dodging
 + Level 5.6(6.9) Stealth
 + Level 5.2(7.1) Spellcasting
 + Level 5.3 Conjurations
 + Level 6.1(8.0) Air Magic


You had 11 spell levels left.
You knew the following spells:

 Your Spells              Type           Power      Damage    Failure   Level
a - Shock                 Conj/Air       100%       1d9       1%          1
b - Static Discharge      Conj/Air       32%        3-7/arc   1%          2
c - Swiftness             Air            37%        N/A       1%          3
d - Airstrike             Air            18%        2d(3-19)  3%          4

Your spell library contained the following spells:

 Spells                   Type           Power      Damage    Failure   Level
 Petrify                  Tmut/Erth      7%         N/A       67%         4
 Metabolic Englaciation   Hex/Ice        3%         N/A       95%         5
 Statue Form              Tmut/Erth      4%         N/A       100%        6
 Malign Gateway           Summ/Tloc      3%         N/A       100%        7
 Summon Horrible Things   Summ           3%         N/A       100%        8


Dungeon Overview and Level Annotations

Branches:
Dungeon (7/15)             Temple (1/1) D:4

Altars:
Ashenzari
Dithmenos
Elyvilon
Ru
Wu Jian
Yredelemnul
Zin

Annotations:
D:4 Pikel
D:6 Menkaure


Innate Abilities, Weirdness & Mutations

You cannot wear most types of armour.
You are amphibious.
You can wear up to eight rings at the same time.
Your skin changes colour to match your surroundings (Stealth+).
Your rubbery body absorbs attacks. (AC +1, EV +1)
((You are camouflaged when in or above water. (Stealth+)))
You have tentacles for arms and can constrict up to eight enemies at once.


Message History

You feel as though you will be weak longer.
The gnoll bouda gazes fiercely through you!
You feel as though you will be weak longer.
The gnoll bouda attacks as you move away!
The gnoll bouda barely misses you.
Things that are here:
a +0 club; a +0 robe The gnoll bouda misses you.
Items here: )) ††.
Unknown command.
The gnoll bouda attacks as you move away!
The gnoll bouda hits you with a +0 whip!
* * * LOW HITPOINT WARNING * * *
The gnoll bouda attacks as you move away!
The gnoll bouda hits you with a +0 whip!
* * * LOW HITPOINT WARNING * * *
Unknown command.
As you read the scroll of fear, it crumbles to dust.
You assume a fearsome visage.
The gnoll bouda looks frightened!
The gnoll looks frightened!
The ogre looks frightened!
The gnoll bouda looks frightened!
Unknown command.
Unknown command.
Unknown command.
Okay, then.
Casting: Swiftness (safe; 1% risk of failure)
Confirm with . or Enter, or press ? or * to list all spells.
Okay, then.
Unknown command.
You see here a +0 pair of gloves.
Your attacks no longer feel as feeble.
There is an open door here.
You start to feel a little slower.
Found 5 stones.
A hornet comes into view.
You feel sluggish.
The hornet buzzes angrily.
A sky beast comes into view.
The hornet stings you!
You die...

, ,*#..g#.##
#.##.#.# , * *
##...g.# #.##.#.#
, ,
,*####.####....#.#
* * ,,
,**#g.##..####.# *
* , #..#...# #.# *
, ##...###
#.#####.( * *+
*##.## #........ *
* *
,#########........
* #..@y......... *
#.###......... , *
* #,* #.........
############# ,*
#......... ,
.............*,
#......... ,
.#........##.* *
#.Y....... ,
.###.####.##.# *
#......... ,* .#
#.........#
#........ .#
#..###.####
#........ ,


You could see a hornet.

Vanquished Creatures
  An ice beast (D:7)
  A sky beast (D:6)
  A black bear (D:5)
  An ogre (D:4)
  2 centaurs (D:7)
  A phantom (D:6)
  A necrophage (D:7)
  A scorpion (D:5)
  2 bullfrogs (D:6)
  2 hounds
  2 jellies
  An orc priest (D:3)
  2 gnoll boudas (D:7)
  An orc wizard (D:3)
  6 iguanas
  8 gnolls
  9 adders
  A shadow imp (D:5)
  An ufetubus (D:4)
  3 worms
  2 dart slugs (D:4)
  5 orcs
  An endoplasm (D:4)
  4 giant cockroaches
  11 goblins
  3 hobgoblins
  2 quokkas (D:1)
  6 ball pythons
  4 bats
  2 frilled lizards (D:3)
  5 kobolds
  2 rats (D:2)
94 creatures vanquished.

Vanquished Creatures (others)
  A fungus (D:6)
  2 plants (D:7)
  3 toadstools (D:6)
6 creatures vanquished.

Grand Total: 100 creatures vanquished

Notes
Turn   | Place    | Note
-------+----------+-------------------------------------------
     0 | D:1      | leafyfresh the Octopode Air Elementalist began the quest
                  | for the Orb.
     0 | D:1      | Reached XP level 1. HP: 11/11 MP: 3/3
   198 | D:1      | Reached XP level 2. HP: 15/17 MP: 3/5
   265 | D:1      | Found a faded altar of an unknown god.
   716 | D:2      | Reached XP level 3. HP: 21/21 MP: 2/6
   961 | D:2      | Found Bionily's Assorted Antiques.
  1447 | D:2      | Reached XP level 4. HP: 10/27 MP: 8/8
  1934 | D:3      | Learned a level 2 spell: Static Discharge
  1938 | D:3      | Learned a level 3 spell: Swiftness
  2634 | D:3      | Reached skill level 4 in Air Magic
  2636 | D:3      | Reached XP level 5. HP: 15/31 MP: 4/9
  3212 | D:3      | Found a sacrificial altar of Ru.
  3639 | D:4      | Noticed an ogre
  3649 | D:4      | Killed an ogre
  3650 | D:4      | Reached XP level 6. HP: 33/36 MP: 2/11
  3935 | D:4      | Noticed Pikel
  4079 | D:4      | Found a staircase to the Ecumenical Temple.
  4104 | Temple   | Entered the Ecumenical Temple
  4149 | Temple   | Became a worshipper of Ashenzari the Shackled
  5540 | D:5      | Entered Level 5 of the Dungeon
  5546 | D:5      | Reached skill level 5 in Air Magic
  5548 | D:5      | Reached XP level 7. HP: 29/41 MP: 3/13
  6295 | D:5      | Identified the +1 leather armour of Siankas {rF+ rC+}
  6934 | D:6      | Reached * piety under Ashenzari
  6943 | D:6      | Reached XP level 8. HP: 25/46 MP: 16/16
  7307 | D:6      | Found a shadowy altar of Dithmenos.
  7495 | D:6      | Noticed Menkaure
  7735 | D:7      | Reached skill level 5 in Conjurations
  7959 | D:7      | Reached ** piety under Ashenzari
  7992 | D:7      | HP: 2/46 [centaur (2)]
  8418 | D:7      | Reached skill level 5 in Stealth
  8418 | D:7      | Reached skill level 5 in Spellcasting
  8498 | D:7      | Reached skill level 6 in Air Magic
  8722 | D:7      | Found a glowing silver altar of Zin.
  8957 | D:7      | Learned a level 4 spell: Airstrike
  9074 | D:7      | HP: 1/46 [gnoll bouda/+0 whip (8)]
  9095 | D:7      | Noticed a hornet
  9098 | D:7      | Slain by a hornet

Illustrated notes

Levels and vault maps discovered:
D:1:      psy_arrival_statuary, layout_basic,
          hellmonk_ecumenical_altar_heavens_door, minmay_liquid_box,
          kennysheep_nondescript
D:2:      layout_basic, serial_shops, nicolae_shop_advertising_works
          [nicolae_subvault_shop_adworks]
D:3:      layout_basic, mainiacjoe_overflow_alcove_2
D:4:      layout_loops_ring, minmay_temple_entry_statues_pillars, uniq_pikel
D:5:      layout_loops_ring, minmay_splitting_lines, dreamdust_princess_corridor
D:6:      layout_layer_cave, mainiacjoe_overflow_paths, serial_glass,
          glass_columns_a, glass_columns_a, serial_shops, kennysheep_mini,
          minmay_gold_behind_fungi, amcnicky_mini_rare_corridor_liquid,
          uniq_menkaure
D:7:      kennysheep_seaside_town, layout_basic, zin_statuary
Temple:   dpeg_five_rooms_temple

Skill      XL: |  1  2  3  4  5  6  7  8 |
---------------+-------------------------+-----
Conjurations   | 2 3 4 5 |  5.3
Spellcasting   | 3 4 5 |  5.2
Air Magic      | 4 5 6 |  6.1
Stealth        | 4 5 |  5.6
Dodging        | 3 |  3.9

Action                   |  1- 3 |  4- 6 |  7- 9 || total
-------------------------+-------+-------+-------++-------
Melee: Dagger            |    54 |    53 |    29 ||   136
       Constrict         |    14 |    15 |     5 ||    34
       Unarmed           |     4 |       |       ||     4
       Tentacles         |    12 |    14 |     9 ||    35
       Punch             |     1 |     1 |     2 ||     4
 Cast: Shock             |     8 |    20 |    21 ||    49
       Static Discharge  |       |    11 |    29 ||    40
       Swiftness         |       |     2 |     3 ||     5
Invok: Curse Item        |       |       |     4 ||     4
  Use: Scroll            |       |       |     2 ||     2
 Stab: Sleeping          |    13 |    11 |     7 ||    31
       Distracted        |       |       |     1 ||     1
Armor: Skin              |    10 |     2 |     3 ||    15
Dodge: Dodged            |    34 |    36 |    38 ||   108
